 Dungeon Crawl Stone Soup version 0.22-a0-469-gf26638a71f (webtiles) character file.

1105 Kriby the Chopper (level 8, -1/59 (61) HPs)
             Began as a Human Abyssal Knight on June 13, 2018.
             Was a Believer of Lugonu.
             Succumbed to epok's ghost's poison
             ... on level 6 of the Dungeon.
             The game lasted 00:08:47 (9254 turns).

Kriby the Chopper (Human Abyssal Knight)            Turns: 9254, Time: 00:08:48

HP:   -1/59 (61)    AC:  8    Str: 14    XL:     8   Next: 58%
MP:   10/11         EV: 11    Int: 13    God:    Lugonu [**....]
Gold: 26            SH:  0    Dex: 18    Spells: 7/7 levels left

rFire    . . .     SeeInvis .   f - +0 war axe
rCold    + . .     Gourm    .   (no shield)
rNeg     . . .     Faith    .   v - +0 scale mail
rPois    .         Spirit   .   (no helmet)
rElec    .         Reflect  .   (no cloak)
rCorr    .         Harm     .   n - +0 pair of gloves
MR       .....                  (no boots)
Stlth    ..........             (no amulet)
HPRegen  0.19/turn              c - ring of protection from cold
MPRegen  0.12/turn              u - +5 ring of dexterity

@: lethally poisoned (-1 -> -18), flying
A: no striking features
a: Depart the Abyss, Bend Space, Renounce Religion


You were on level 6 of the Dungeon.
You worshipped Lugonu.
Lugonu was pleased with you.
You were not hungry.

You visited 1 branch of the dungeon, and saw 6 of its levels.
You visited the Abyss 1 time.

You collected 230 gold pieces.
You spent 204 gold pieces at shops.

Inventory:

Hand Weapons
 a - a +1 hand axe
 f - a +0 war axe (weapon)
Missiles
 q - a throwing net (quivered)
Armour
 b - a +0 leather armour
 h - a +1 ring mail
 l - a +0 chain mail
 n - a +0 pair of gloves (worn)
 o - the +2 robe of Wugi {rElec Stlth+}
   (You found it on level 5 of the Dungeon)

   It insulates you from electricity.
   It makes you more stealthy.
 t - a +0 leather armour of magic resistance
 v - a +0 scale mail (worn)
Jewellery
 c - a ring of protection from cold (left hand)
 k - an uncursed ring of flight
 r - an uncursed amulet of harm
 u - a +5 ring of dexterity (right hand)
Wands
 w - a wand of acid (6) {@v2}
Scrolls
 d - a scroll of immolation
 g - 10 scrolls of teleportation {@r3}
 s - 2 scrolls of remove curse {@r2}
 x - 2 scrolls of magic mapping
 y - a scroll of enchant weapon
Potions
 e - 2 potions of degeneration
 m - 3 potions of haste {@q3}
 p - a potion of magic
Comestibles
 j - 12 rations {@e1}


   Skills:
 + Level 4.8 Fighting
 * Level 5.8 Axes
 + Level 4.3 Armour
 + Level 3.9 Dodging
 + Level 4.5 Invocations


You had 7 spell levels left.
You didn't know any spells.
Your spell library was empty.

Dungeon Overview and Level Annotations

Branches:
Dungeon (6/15)             Temple (0/1) D:5

Altars:
Elyvilon
Fedhas
Makhleb
Okawaru
Qazlal
Trog
Uskayaw

Shops:
D:5 ?

Annotations:
D:4 exclusion: orc wizard
D:6 epok's ghost, novice MiBe


Message History

You feel sick.
* * * LOW HITPOINT WARNING * * *
You feel sick.
Okay, then.
Put on which piece of jewellery? (? for menu, Esc to quit)
You're wearing all the rings you can.
Remove which one? (? for menu, Esc to cancel) < or
c - a ring of protection from cold; > or
k - a ring of flight You remove your ring of flight.
* * * LOW HITPOINT WARNING * * *
You feel sick.
You feel agile.
u - a +5 ring of dexterity (right hand)
* * * LOW HITPOINT WARNING * * *
You feel sick.
Epok's ghost is no longer covered in acid.
Okay, then.
* * * LOW HITPOINT WARNING * * *
You feel sick.
You die...

.....................#.#
####...#####.##.###.#.#
#............รท.###.#.###
####.##..#####............#
#.......W.........###.#...#
#.##.###.#####..#.# ..#...#
#....#.# #..#.# ### ..#
#..#.#.#####..#.. .##
####.#.#@.....#... #
).......#..####.##....
...#######.# #.##...$. #.#
.# #^. ##.# .. #.# .#


There were no monsters in sight!

Vanquished Creatures
  An ice beast (D:4)
  A phantom (D:4)
  An ogre (D:5)
  A necrophage (D:5)
  A centaur (D:6)
  A bullfrog (D:6)
  A howler monkey (D:5)
  2 crimson imps (D:5)
  An orc priest (D:4)
  A centaur skeleton (D:6)
  2 hounds
  A bullfrog skeleton (D:5)
  2 orc wizards (D:4)
  2 worker ants
  A hound skeleton (D:6)
  6 gnolls
  A howler monkey skeleton (D:4)
  10 adders
  An ooze (D:2)
  3 adder skeletons
  A worm (D:3)
  4 dart slugs
  3 leopard geckos
  10 orcs
  3 giant cockroaches
  7 goblins
  4 hobgoblins
  4 kobolds
  3 quokkas
  6 bats
  4 frilled lizards
  A jackal skeleton (D:6)
  A quokka skeleton (D:6)
  6 rats
97 creatures vanquished.

Notes
Turn   | Place    | Note
-------+----------+-------------------------------------------
     0 | Abyss:1  | Kriby the Human Abyssal Knight began the quest for the Orb.
     0 | Abyss:1  | Reached XP level 1. HP: 18/18 MP: 2/2
    82 | Abyss:1  | Noticed a thrashing horror
    89 | D:1      | Escaped the Abyss
   452 | D:1      | Reached XP level 2. HP: 24/24 MP: 3/3
   656 | D:1      | Reached * piety under Lugonu
  1002 | D:1      | Reached XP level 3. HP: 24/29 MP: 4/4
  1571 | D:2      | Found a stormy altar of Qazlal.
  1931 | D:2      | Found a hide-covered altar of Uskayaw.
  1931 | D:2      | Found a burning altar of Makhleb.
  2003 | D:3      | Reached XP level 4. HP: 7/35 MP: 5/5
  2509 | D:3      | Reached skill level 3 in Axes
  3382 | D:3      | Found an iron altar of Okawaru.
  3421 | D:3      | Reached XP level 5. HP: 35/41 MP: 6/6
  4328 | D:4      | Found a bloodstained altar of Trog.
  5159 | D:4      | Noticed a phantom
  5500 | D:4      | Reached XP level 6. HP: 33/48 MP: 8/8
  6291 | D:4      | Reached skill level 4 in Axes
  6726 | D:4      | Killed a phantom
  6726 | D:4      | Reached XP level 7. HP: 12/54 MP: 9/9
  6969 | D:5      | Entered Level 5 of the Dungeon
  6971 | D:5      | Got a dull robe
  7328 | D:5      | Found a white marble altar of Elyvilon.
  7374 | D:5      | Identified the +2 robe of Wugi {rElec Stlth+} (You found it on level 5 of the Dungeon)
  7447 | D:5      | Reached ** piety under Lugonu
  7784 | D:5      | Found Kuischawa's Magic Scroll Emporium.
  7839 | D:5      | Bought a scroll of magic mapping for 42 gold pieces
  7839 | D:5      | Bought a scroll of teleportation for 36 gold pieces
  7839 | D:5      | Bought a scroll of teleportation for 36 gold pieces
  7839 | D:5      | Bought a scroll of enchant weapon for 90 gold pieces
  8163 | D:5      | Reached skill level 5 in Axes
  8288 | D:5      | Reached XP level 8. HP: 40/59 MP: 9/11
  8593 | D:5      | Found a blossoming altar of Fedhas.
  8672 | D:5      | Found a staircase to the Ecumenical Temple.
  9040 | D:6      | Noticed epok's ghost (novice MiBe)
  9253 | D:6      | HP: 1/59 [poisoned by epok's ghost]
  9254 | D:6      | Succumbed to epok's ghost's poison

Vault maps used:
D:1:      minmay_arrival_loop
D:2:      nicolae_qazlal_general_emergency, gammafunk_temple_overflow_elements,
          roderic_malta_cross
D:3:      lemuel_round_altar, serial_co_window_serial, co_window_paths_a,
          co_window_of_opportunity_a, co_window_of_opportunity_a,
          co_window_corner_a, co_window_corner_a, co_window_broadway_c,
          co_window_broadway_c, co_window_2corner, glass_columns_a,
          glass_columns_b, glass_columns_a, glass_columns_a, glass_columns_b
D:4:      kennysheep_little_box, first_ration, minmay_door_square, tgw_sif
D:5:      elyvilon_altar_1, kennysheep_mini_moat,
          minmay_temple_entry_large_hall, serial_shops, shop

Skill      XL: |  1  2  3  4  5  6  7  8 |
---------------+-------------------------+-----
Axes           | 3 4 5 |  5.8
Dodging        | 2 3 |  3.9
Invocations    | 3 4 |  4.5
Armour         | 3 4 |  4.3
Fighting       | 4 |  4.8

Action                   |  1- 3 |  4- 6 |  7- 9 || total
-------------------------+-------+-------+-------++-------
Melee: Hand axe          |   103 |    10 |       ||   113
       War axe           |       |   219 |   127 ||   346
Invok: Depart the Abyss  |     1 |       |       ||     1
       Bend Space        |       |       |     2 ||     2
Evoke: Wand              |       |       |    10 ||    10
  Use: Potion            |     3 |     2 |     2 ||     7
       Scroll            |       |     8 |     2 ||    10
 Stab: Sleeping          |       |     1 |     1 ||     2
       Invisible         |       |       |     1 ||     1
  Eat: Ration            |     1 |     1 |     2 ||     4
       Chunk             |       |    11 |     2 ||    13
Armor: Leather armour    |    26 |    35 |       ||    61
       Ring mail         |       |    32 |    23 ||    55
       Scale mail        |       |       |    37 ||    37
       Robe              |       |       |     2 ||     2
Dodge: Dodged            |    68 |   155 |    89 ||   312

Table legend:
 A = Spawn XP
 B = Non-spawn XP
 C = Spawn XP percentage of total XP
 D = Spawn monster count
 E = Non-spawn monster count
 F = Spawn count percentage of total count
 G = Total turns spent on level
                    A         B        C        D         E        F      G
               +---------+---------+-------+---------+---------+-------+---------
         Total |       0 |    1579 |   0.0 |       0 |      97 |   0.0 |  9254
               +---------+---------+-------+---------+---------+-------+---------
           D:1 |       0 |      30 |   0.0 |       0 |      17 |   0.0 |  1093
           D:2 |       0 |      54 |   0.0 |       0 |      12 |   0.0 |  1579
           D:3 |       0 |      87 |   0.0 |       0 |      20 |   0.0 |  1807
           D:4 |       0 |     519 |   0.0 |       0 |      20 |   0.0 |  3079
           D:5 |       0 |     533 |   0.0 |       0 |      17 |   0.0 |  1109
           D:6 |       0 |     356 |   0.0 |       0 |      11 |   0.0 |   498
               +---------+---------+-------+---------+---------+-------+---------
